 Dungeon Crawl Stone Soup version 0.29.1-1-gd02db6906a (webtiles) character file.

Game seed: 8066532925841361041

13530 smilodon the Grappler (level 11, -1/96 HPs)
             Began as a Troll Fighter on Sept 18, 2022.
             Was an Elder of Zin.
             Slain by an unseen horror (shapeshifter) (8 damage)
             ... on level 12 of the Dungeon on Sept 19, 2022.
             The game lasted 00:25:59 (10652 turns).

smilodon the Grappler (Troll Fighter)              Turns: 10652, Time: 00:25:59

Health: -1/96      AC:  7    Str: 32    XL:     11   Next: 76%
Magic:  8/13       EV: 16    Int:  4    God:    Zin [****..]
Gold:   641        SH: 10    Dex: 13    Spells: 10/10 levels left

rFire   . . .      SeeInvis .     - Unarmed
rCold   . . .      Faith    .   b - +0 kite shield
rNeg    . . .      Spirit   .   a - +1 robe
rPois   .          Reflect  .   (helmet restricted)
rElec   .          Harm     .   c - +1 cloak of Starlight {*Dazzle EV+4 Stlth--}
rCorr   +          Rampage  .   (gloves unavailable)
Will    .....                   (boots unavailable)
Stlth   ..........              s - amulet of regeneration
HPRegen 1.86/turn               m - ring of resist corrosion
MPRegen 0.13/turn               x - +6 ring of strength

@: lethally poisoned (-1 -> -2), on recite cooldown
A: large, unfitting armour, claws 3, regeneration 1, shaggy fur 1, tough skin 1,
fangs 1, low MP 1, inability to drink after injury 1
a: Renounce Religion, Recite, Vitalisation, Imprison, Donate Gold


You were on level 12 of the Dungeon.
You worshipped Zin.
Zin was greatly pleased with you.
You visited 3 branches of the dungeon, and saw 14 of its levels.

You collected 712 gold pieces.
You donated 71 gold pieces to Zin.

Inventory:

Hand Weapons
 w - a +0 giant spiked club of flaming
Missiles
 t - 6 large rocks (quivered)
Armour
 a - a +1 robe (worn)
 b - a +0 kite shield (worn)
 c - the +1 cloak of Starlight (worn) {*Dazzle EV+4 Stlth--}
   (You found it on level 5 of the Dungeon)

   It may blind those who miss an attack against the wearer in melee combat.
   EV:        It affects your evasion (+4).
   Stlth:     It makes you much less stealthy.
Jewellery
 m - a ring of resist corrosion (left claw)
 o - a ring of wizardry
 s - an amulet of regeneration (around neck)
 x - a +6 ring of strength (right claw)
 E - an amulet of magic regeneration
Wands
 f - a wand of roots (7)
 g - a wand of charming (7)
 v - a wand of flame (11)
Scrolls
 j - 2 scrolls of amnesia
 k - 5 scrolls of identify
 l - 2 scrolls of enchant weapon
 n - a scroll of noise
 r - 2 scrolls of silence
 A - 2 scrolls of enchant armour
 D - a scroll of magic mapping
Potions
 e - 2 potions of heal wounds
 h - 2 potions of brilliance
 i - 3 potions of mutation
 p - 2 potions of attraction
 q - 2 potions of berserk rage
 u - a potion of magic


   Skills:
 - Level 2.7 Fighting
 + Level 1.8 Throwing
 + Level 8.9 Dodging
 + Level 9.7 Shields
 + Level 10.3 Unarmed Combat
 + Level 6.6 Invocations


You had 10 spell levels left.
You didn't know any spells.
Your spell library contained the following spells:

 Spells                   Type           Power      Damage    Failure   Level
 Sandblast                Erth           0%         2d4       71%         1
 Sting                    Tmut/Pois      0%         1d3       71%         1
 Summon Small Mammal      Summ           0%         N/A       71%         1
 Passwall                 Tmut/Erth      0%         N/A       85%         2
 Poisonous Vapours        Pois/Air       0%         N/A       85%         2
 Call Canine Familiar     Summ           0%         N/A       97%         3
 Confusing Touch          Hex            0%         N/A       97%         3
 Stone Arrow              Conj/Erth      0%         3d7       97%         3
 Summon Guardian Golem    Hex/Summ       0%         N/A       97%         3
 Animate Armour           Summ/Erth      0%         N/A       100%        4
 Olgreb's Toxic Radiance  Pois           0%         N/A       100%        4
 Blade Hands              Tmut           0%         N/A       100%        5
 Yara's Violent Unravell  Hex/Tmut       0%         3d3       100%        5
 Iron Shot                Conj/Erth      0%         9d1       100%        6
 Enfeeble                 Hex            0%         N/A       100%        7


Dungeon Overview and Level Annotations

Branches:
Dungeon (12/15)            Temple (1/1) D:5            Lair (0/5) D:10
    Orc (1/2) D:11

Altars:
Ashenzari
Cheibriados
Dithmenos
Elyvilon
Fedhas
Gozag
Hepliaklqana
Kikubaaqudgha
Makhleb
Nemelex Xobeh
Okawaru
Qazlal
Ru
Sif Muna
Trog
Uskayaw
Vehumet
Wu Jian
Xom
Yredelemnul
Zin
The Shining One

Shops:
D:1 [   D:7 [

Annotations:
D:5 2 runed translucent doors


Innate Abilities, Weirdness & Mutations

You are too large for most types of armour.
You have claws for hands.
Your natural rate of healing is unusually fast.
You are covered in fur. (AC +1)
You have tough skin. (AC +1)
You have very sharp teeth.
Your magical capacity is low. (-10% MP)
You occasionally lose the ability to drink potions when taking damage.


Message History

You feel sick.
The jumping spider changes into something you cannot see!
The wolf spider barely misses you. The wolf spider bites you.
* * * LOW HITPOINT WARNING * * *
The yaktaur shoots a bolt.
The bolt barely misses you.
You hear a deafening roar!
There is an open door here.
You can drink potions again.
You feel sick. Something hits you but does no damage.
Deactivating autopickup; reactivate with Ctrl-A.
Okay, then.
You don't know any spells.
Activating: Recite (0% risk of failure)
Press: ? - help, Dir - look around, f - activate You clear your throat and prepare to recite. "For those who would enter Zin's holy bosom..."
You feel sick. The wolf spider closely misses you.
The wolf spider bites you but does no damage.
Something hits you.
* * * LOW HITPOINT WARNING * * *
The wolf spider misses you. You block the wolf spider's attack.
Something closely misses you. Something hits you but does no damage.
The wolf spider attacks as you move away!
The wolf spider closely misses you.
The wolf spider misses you. "...and live in obedience, Zin provideth.
Such is..."
The death knight is confused by your recitation.
You feel sick. Something barely misses you. Something hits you.
* * * LOW HITPOINT WARNING * * *
Aiming: Imprison (4% risk of failure)
Press: ? - help, Dir - move target, f - wolf spider
Aim: a wolf spider (severely wounded) Zin imprisons the wolf spider with walls of pure silver! "...the covenant, and such is the way of things."
You finish reciting Anathema 22:69.
You feel sick. Something hits you!
* * * LOW HITPOINT WARNING * * *
Something hits you but does no damage. Something barely misses you.
You feel sick. Something hits you!
You die...

..#.......#
..#.......####
..'..........#
###..........#######
...................#
...................#
...................#
#########..........#
#.......@{.#
#..........#
#...########
#...#....#s#
#...#....#c#
#...#....#(#
#...#....#p##
#...###c.#T.#
..#.....#'##..#


There were no monsters in sight!

Vanquished Creatures
  A two-headed ogre (D:11)
  An orc knight (D:11)
  2 cyclopes (D:11)
  2 ugly things
  2 gargoyles
  3 komodo dragons
  A troll (D:10)
  Grinder (D:6)
  A wyvern (shapeshifter) (D:10)
  16 yaks
  2 shadows
  3 wraiths
  4 wyverns
  Eustachio (D:5)
  4 steam dragons
  2 vampire mosquitoes (D:12)
  A warg (D:11)
  4 ice beasts
  7 orc warriors
  2 black bears
  2 ogres
  3 centaurs
  2 wolves
  A phantom (D:5)
  A kobold brigand (D:9)
  2 bullfrogs (D:7)
  A gnoll sergeant (D:12)
  2 scorpions
  4 wights (D:8)
  9 killer bees
  3 howler monkeys
  4 electric eels (D:10)
  10 hounds
  Crazy Yiuf (D:4)
  6 orc priests
  A gnoll bouda (D:10)
  2 jellies
  Ijyb (D:4)
  3 iguanas
  15 orc wizards
  8 adders
  8 gnolls
  A shadow imp (D:6)
  4 white imps
  An ufetubus (D:5)
  A worm (D:2)
  4 dart slugs
  41 orcs
  8 endoplasms
  3 giant cockroaches
  4 goblins
  8 hobgoblins
  2 jackals (D:3)
  9 quokkas
  A ball python (D:3)
  6 bats (D:1)
  3 frilled lizards
  10 kobolds
  5 rats
260 creatures vanquished.

Notes
Turn   | Place    | Note
-------+----------+-------------------------------------------
     0 | D:1      | smilodon the Troll Fighter began the quest for the Orb.
     0 | D:1      | Reached XP level 1. HP: 22/22 MP: 0/0
   151 | D:1      | Reached XP level 2. HP: 29/29 MP: 1/1
   394 | D:1      | Found Hikaic's Antique Armour Shop.
   407 | D:1      | Reached XP level 3. HP: 35/36 MP: 2/2
  1129 | D:3      | Reached XP level 4. HP: 27/44 MP: 3/3
  1287 | D:3      | Reached skill level 3 in Unarmed Combat
  1520 | D:3      | Reached XP level 5. HP: 44/50 MP: 4/4
  1799 | D:3      | Gained mutation: You occasionally lose the ability to drink
                  | potions when taking damage. [potion of mutation]
  1799 | D:3      | Gained mutation: You have very sharp teeth. [potion of
                  | mutation]
  1799 | D:3      | Gained mutation: Your magical capacity is low. (-10% MP)
                  | [potion of mutation]
  2037 | D:4      | Noticed Ijyb
  2046 | D:4      | Killed Ijyb
  2047 | D:4      | Reached XP level 6. HP: 28/59 MP: 4/4
  2193 | D:4      | Found a runed translucent door.
  2194 | D:4      | Noticed Crazy Yiuf
  2381 | D:4      | Killed Crazy Yiuf
  2382 | D:4      | Reached skill level 4 in Unarmed Combat
  3009 | D:5      | Entered Level 5 of the Dungeon
  3064 | D:5      | Found a staircase to the Ecumenical Temple.
  3088 | Temple   | Entered the Ecumenical Temple
  3285 | Temple   | Became a worshipper of Zin the Law-Giver
  3285 | Temple   | Reached * piety under Zin
  3322 | D:5      | Noticed an ice beast
  3349 | D:5      | Killed an ice beast
  3364 | D:5      | Found an ornate altar of the Wu Jian Council.
  3407 | D:5      | Noticed an ice beast
  3413 | D:5      | Killed an ice beast
  3414 | D:5      | Reached XP level 7. HP: 55/66 MP: 5/5
  3440 | D:5      | Noticed Eustachio
  3477 | D:5      | Killed Eustachio
  3478 | D:5      | Reached skill level 5 in Shields
  3478 | D:5      | Reached skill level 5 in Unarmed Combat
  3549 | D:5      | Found the +1 cloak of Starlight {*Dazzle EV+4 Stlth--}
  3553 | D:5      | Found a large runed translucent door.
  3553 | D:5      | Noticed a shadow
  3554 | D:5      | Found a large runed translucent door.
  3555 | D:5      | Found a large runed translucent door.
  3555 | D:5      | Found a large runed translucent door.
  3570 | D:5      | Killed a shadow
  3580 | D:5      | Reached skill level 5 in Dodging
  3580 | D:5      | Reached XP level 8. HP: 68/74 MP: 6/6
  3728 | D:5      | Reached skill level 6 in Unarmed Combat
  3995 | D:5      | Found a shimmering blue altar of Sif Muna.
  4404 | D:6      | Reached ** piety under Zin
  4543 | D:6      | Reached XP level 9. HP: 80/80 MP: 7/7
  4633 | D:6      | Noticed Grinder
  4634 | D:6      | Paralysed by Grinder for 4 turns
  4646 | D:6      | Paralysed by Grinder for 5 turns
  4655 | D:6      | Killed Grinder
  4656 | D:6      | Reached skill level 7 in Unarmed Combat
  4880 | D:6      | Found a snail-covered altar of Cheibriados.
  4880 | D:6      | Found a shimmering altar of Xom.
  4896 | D:6      | Found a sparkling altar of Nemelex Xobeh.
  4900 | D:6      | Found a shadowy altar of Dithmenos.
  4900 | D:6      | Found a bloodstained altar of Trog.
  5078 | D:7      | Reached skill level 1 in Invocations
  5134 | D:7      | Found Hyoploli's Armour Shoppe.
  5539 | D:7      | Reached *** piety under Zin
  6198 | D:8      | Reached skill level 8 in Unarmed Combat
  7040 | D:9      | Noticed a cyan ugly thing
  7051 | D:9      | Killed a cyan ugly thing
  7052 | D:9      | Reached XP level 10. HP: 15/88 MP: 7/10
  7449 | D:9      | Found an iron altar of Okawaru.
  7449 | D:9      | Found an ancient bone altar of Kikubaaqudgha.
  7502 | D:10     | Entered Level 10 of the Dungeon
  7537 | D:10     | Noticed a harpy
  7752 | D:10     | Found a staircase to the Lair.
  7816 | D:10     | Reached skill level 9 in Unarmed Combat
  8099 | D:10     | Reached skill level 5 in Invocations
  8189 | D:10     | Reached **** piety under Zin
  8201 | D:10     | Noticed a gargoyle
  8210 | D:10     | Killed a gargoyle
  8211 | D:10     | Reached XP level 11. HP: 70/96 MP: 12/12
  8292 | D:10     | Found a glowing golden altar of the Shining One.
  8293 | D:10     | Found an opulent altar of Gozag.
  8294 | D:10     | Found a stormy altar of Qazlal.
  8295 | D:10     | Found a radiant altar of Vehumet.
  8641 | D:11     | Found a staircase to the Orcish Mines.
  8685 | Orc:1    | Entered Level 1 of the Orcish Mines
  8693 | Orc:1    | Noticed an orc knight
  8811 | D:11     | Noticed a two-headed ogre
  8830 | D:11     | Killed a two-headed ogre
  9170 | D:11     | Killed an orc knight
  9171 | D:11     | Reached skill level 10 in Unarmed Combat
  9793 | D:11     | Reached skill level 1 in Throwing
 10353 | D:12     | Noticed a white ugly thing
 10366 | D:12     | Killed a white ugly thing
 10628 | D:12     | Noticed a wolf spider
 10628 | D:12     | Noticed a death knight
 10628 | D:12     | Noticed a boulder beetle
 10628 | D:12     | Noticed a centaur warrior
 10628 | D:12     | Noticed an ice dragon
 10632 | D:12     | Noticed a centaur warrior
 10652 | D:12     | Slain by an unseen horror (shapeshifter)

Illustrated notes

Levels and vault maps discovered:
D:1:      dpeg_arrival_connections, layout_loops_cross, serial_shops,
          nicolae_shop_statue_plus
D:2:      layout_rooms, palyth_stone_intersect
D:3:      layout_loops_cross
D:4:      layout_basic, uniq_ijyb, uniq_crazy_yiuf_cottage
D:5:      layout_basic, mainiacjoe_overflow_small_starburst, marbit_many_paths,
          minmay_temple_entry_ruins, minmay_hollow_rounded_squares,
          uniq_eustachio
D:6:      layout_loops_ring, minmay_overflow_temple_star_hex, uniq_grinder
D:7:      layout_loops_corners, serial_shops, nicolae_shop_hallway_plus
D:8:      layout_cave_pods
D:9:      layout_loops_cross, gammafunk_temple_overflow_statue
D:10:     layout_roguey, chequers_temple_overflow_statue_of_worship,
          erik_lair_island, billiards_dpeg
D:11:     layout_layer_cave, david_orc_2
D:12:     layout_irregular_city, nicolae_trove_entry_path_of_doom,
          serial_bayou_lagoon_a, minivault_28
Temple:   grunt_temple_mini_profane
Orc:1:    layout_caves, mines4_lemuel

Skill      XL: |  1  2  3  4  5  6  7  8  9 10 11 |
---------------+----------------------------------+-----
Shields        | 3 4 5 6 7 8 9 |  9.7
Dodging        | 3 4 5 6 7 8 |  8.9
Unarmed Combat | 3 4 5 6 8 9 10 | 10.3
Invocations    | 3 5 6 |  6.6
Throwing       | 1 |  1.8
Fighting       | |  2.7

Action                   |  1- 3 |  4- 6 |  7- 9 | 10-12 || total
-------------------------+-------+-------+-------+-------++-------
Melee: Unarmed           |   109 |   136 |   306 |   379 ||   930
       Bite              |       |     4 |    21 |    47 ||    72
Throw: Throwing net      |       |       |       |     1 ||     1
       Large rock        |       |       |       |     9 ||     9
Invok: Vitalisation      |       |       |     1 |     3 ||     4
       Recite            |       |       |       |     4 ||     4
       Imprison          |       |       |       |     2 ||     2
Evoke: Wand              |       |       |       |    14 ||    14
  Use: Scroll            |       |     7 |     5 |     6 ||    18
       Potion            |       |     7 |     2 |     4 ||    13
 Stab: Sleeping          |     1 |     2 |       |       ||     3
       Invisible         |       |     2 |     5 |     6 ||    13
Armor: Robe              |    38 |    28 |    77 |    54 ||   197
Dodge: Dodged            |    53 |    36 |   175 |   289 ||   553
Block: Kite shield       |    51 |    41 |   136 |   240 ||   468
